 Dungeon Crawl Stone Soup version 0.28-a0-973-ga7f8b01127 (webtiles) character file.

Game seed: 13444059020645695806

45 ragingrage the Chopper (level 3, 0/19 HPs)
             Began as a Vine Stalker Chaos Knight on Dec 1, 2021.
             Was a Plaything of Xom.
             Slain by a steam dragon (2 damage)
             ... on level 2 of the Dungeon.
             The game lasted 00:01:05 (1027 turns).

ragingrage the Chopper (Vine Stalker Chaos Knight)  Turns: 1027, Time: 00:01:05

Health: 0/19       AC:  6    Str: 16    XL:     3   Next: 64%
Magic:  0/4        EV: 11    Int: 12    God:    Xom [..*...]
Gold:   32         SH:  0    Dex: 13    Spells: 2/2 levels left

rFire   . . .      SeeInvis .   a - +0 hand axe (chaos)
rCold   . . .      Faith    .   (no shield)
rNeg    . . .      Spirit   +   b - +2 leather armour
rPois   .          Reflect  .   i - +0 helmet
rElec   .          Harm     .   (no cloak)
rCorr   .          Rampage  .   (no gloves)
Will    .....                   (no boots)
Stlth   +.........              (no amulet)
HPRegen 0.06/turn               (no ring)
MPRegen 0.09/turn               (no ring)

@: no status effects
A: fangs 2, magic shield, antimagic bite, no potion heal 2
a: Renounce Religion


You were on level 2 of the Dungeon.
You worshipped Xom.
You were a toy of Xom.
You visited 1 branch of the dungeon, and saw 2 of its levels.

You collected 32 gold pieces.

Inventory:

Hand Weapons
 a - a +0 hand axe of chaos (weapon)
Armour
 b - a +2 leather armour (worn)
 i - a +0 helmet (worn)
Scrolls
 d - a scroll of vulnerability {unknown}
 e - a scroll of amnesia {unknown}
 f - a scroll of enchant weapon {unknown}
 g - a scroll of teleportation {unknown}
Potions
 c - a potion of curing {unknown}
 h - a potion of might


   Skills:
 - Level 2.6 Fighting
 * Level 4.1 Axes
 - Level 1.5 Armour
 - Level 0.7 Dodging


You had 2 spell levels left.
You didn't know any spells.
Your spell library contained the following spells:

 Spells                   Type           Power      Damage    Failure   Level
 Sandblast                Erth           0%         2d4       38%         1
 Passwall                 Tmut/Erth      0%         N/A       52%         2
 Stone Arrow              Conj/Erth      0%         3d7       77%         3
 Tukima's Dance           Hex            0%         N/A       77%         3
 Passage of Golubria      Tloc           0%         N/A       99%         4
 Yara's Violent Unravell  Hex/Tmut       0%         3d3       100%        5


Dungeon Overview and Level Annotations

Branches:
Dungeon (2/15)

Altars:


Innate Abilities, Weirdness & Mutations

You have extremely sharp teeth.
When hurt, damage is shared between your health and your magic reserves.
Your bite disrupts and absorbs the magic of your enemies.
Potions cannot restore your health.


Message History

You are too injured to fight recklessly!
You are too injured to fight recklessly!
You are too injured to fight recklessly!
You are too injured to fight recklessly!
You are too injured to fight recklessly!
You are too injured to fight recklessly!
You are too injured to fight recklessly!
You are too injured to fight recklessly!
You are too injured to fight recklessly!
You are too injured to fight recklessly!
You are too injured to fight recklessly!
You barely miss the worm. You bite the worm. You drain its power.
You feel invigorated.
The worm is lightly wounded.
You hit the worm but do no damage. You bite the worm, but do no damage.
The worm is lightly wounded.
The worm closely misses you.
You slash the worm!
The worm evaporates and reforms as a steam dragon!
The steam dragon is heavily wounded.
The steam dragon breathes steam at you. The ball of steam hits you.
You hear a shout!
You hit the steam dragon but do no damage.
Lightning courses through the steam dragon!
The steam dragon is almost dead.
The steam dragon bites you.
* * * LOW HITPOINT WARNING * * *
The steam dragon claws you.
* * * LOW HITPOINT WARNING * * *
You closely miss the steam dragon.
You bite the steam dragon, but do no damage.
The steam dragon is almost dead.
The steam dragon barely misses you. The steam dragon claws you.
You hit the steam dragon.
You bite the steam dragon, but do no damage.
The steam dragon is almost dead.
A goblin comes into view. It is wielding a +0 dagger.
The steam dragon barely misses you. The steam dragon claws you.
You die...

##.......... ##...# ##
##.#.#.#)#. #....g
.###..#....^.. #.....#
#..#.....#.#.#. .......
.....>.....†...
#......##.####..........
#...........##.#######.#
###..#§D#.#.##. ... #
#.....§@....## ##..
#.#.....§§#.#.# ###
#.#.....§§§...#
#.>...).§.§...#
#.......##### #.......#
######### #.......#
#........ ####.####
#......## #.# #..#.#.##


You could see a steam dragon (catching breath) and a goblin.

Vanquished Creatures
  A dart slug (D:2)
  6 ball pythons
  4 bats
  4 endoplasms
  2 giant cockroaches
  4 goblins
  3 hobgoblins
  3 kobolds (D:1)
  3 quokkas
  2 frilled lizards
  6 rats (D:1)
38 creatures vanquished.

Notes
Turn   | Place    | Note
-------+----------+-------------------------------------------
     0 | D:1      | ragingrage the Vine Stalker Chaos Knight began the quest
                  | for the Orb.
     0 | D:1      | Reached XP level 1. HP: 11/11 MP: 2/2
    25 | D:1      | XOM: potion effect (haste)
   161 | D:1      | Reached skill level 3 in Axes
   187 | D:1      | Reached XP level 2. HP: 16/16 MP: 3/3
   458 | D:1      | Reached XP level 3. HP: 16/19 MP: 2/4
   622 | D:1      | You fall into a shaft and drop 1 floor!
   638 | D:2      | XOM: 1-stop teleportation journey
   739 | D:2      | Reached skill level 4 in Axes
   840 | D:2      | XOM: 2-stop teleportation journey
  1020 | D:2      | XOM: smoke on damage
  1024 | D:2      | Noticed a steam dragon
  1024 | D:2      | a worm changed into a steam dragon
  1027 | D:2      | Slain by a steam dragon

Illustrated notes

Levels and vault maps discovered:
D:1:      onia_arrival_handbag, layout_rooms
D:2:      layout_loops_ring, basic_altar, serial_glass, glass_columns_a,
          glass_columns_a, glass_columns_c, glass_columns_a, glass_columns_b,
          glass_columns_b, glass_columns_a, glass_columns_b, glass_columns_a,
          glass_columns_c

Skill      XL: |  1  2  3 |
---------------+----------+-----
Axes           | 3 4 |  4.1
Fighting       | |  2.6
Armour         | |  1.5
Dodging        | |  0.7

Action                   || total
-------------------------++-------
Melee: Hand axe          ||    85
       Bite              ||    20
Armor: Leather armour    ||    36
Dodge: Dodged            ||    62

Table legend: (Time is in decaauts)
 A = Elapsed time spent in this place.
 B = Non-inter-level travel time spent in this place.
 C = Inter-level travel time spent in this place.
 D = Time resting spent in this place.
 E = Time spent auto-exploring this place.
 F = Levels seen in this place.
 G = Mean time per level.
                   A        B        C        D        E       F      G
               +--------+--------+--------+--------+--------+-----+--------+
         Total |   1016 |   1008 |      8 |      0 |    783 |   2 |  508.0 |
       Dungeon |   1016 |   1008 |      8 |      0 |    783 |   2 |  508.0 |
               +--------+--------+--------+--------+--------+-----+--------+

Top non-repeatable levels by time:
     D:1: 609 daAuts
     D:2: 407 daAuts
